%YAML 1.1
%TAG !u! tag:unity3d.com,2011:
--- !u!1 &4854301819334191986
GameObject:
  m_ObjectHideFlags: 0
  m_CorrespondingSourceObject: {fileID: 0}
  m_PrefabInstance: {fileID: 0}
  m_PrefabAsset: {fileID: 0}
  serializedVersion: 6
  m_Component:
  - component: {fileID: 4854301819334191987}
  m_Layer: 0
  m_Name: Lava 1
  m_TagString: Untagged
  m_Icon: {fileID: 0}
  m_NavMeshLayer: 0
  m_StaticEditorFlags: 0
  m_IsActive: 1
--- !u!4 &4854301819334191987
Transform:
  m_ObjectHideFlags: 0
  m_CorrespondingSourceObject: {fileID: 0}
  m_PrefabInstance: {fileID: 0}
  m_PrefabAsset: {fileID: 0}
  m_GameObject: {fileID: 4854301819334191986}
  m_LocalRotation: {x: 0, y: 0, z: 0, w: 1}
  m_LocalPosition: {x: -5.713818, y: -7.4414353, z: -13.860932}
  m_LocalScale: {x: 1, y: 1, z: 1}
  m_Children:
  - {fileID: 1697825583948935271}
  - {fileID: 1697825584571849757}
  - {fileID: 1697825585928992847}
  - {fileID: 1697825585931067900}
  - {fileID: 1697825585231181953}
  - {fileID: 1697825585981839810}
  m_Father: {fileID: 0}
  m_RootOrder: 0
  m_LocalEulerAnglesHint: {x: 0, y: 0, z: 0}
--- !u!1001 &4854301819478310722
PrefabInstance:
  m_ObjectHideFlags: 0
  serializedVersion: 2
  m_Modification:
    m_TransformParent: {fileID: 4854301819334191987}
    m_Modifications:
    - target: {fileID: -6575335965253167225, guid: aa0fe5b03baf28646a03f71cd604c781, type: 3}
      propertyPath: m_Enabled
      value: 1
      objectReference: {fileID: 0}
    - target: {fileID: -6575335965253167225, guid: aa0fe5b03baf28646a03f71cd604c781, type: 3}
      propertyPath: lavaSpeed
      value: 0.01
      objectReference: {fileID: 0}
    - target: {fileID: -6575335965253167225, guid: aa0fe5b03baf28646a03f71cd604c781, type: 3}
      propertyPath: CanDeath
      value: 
      objectReference: {fileID: 0}
    - target: {fileID: -6575335965253167225, guid: aa0fe5b03baf28646a03f71cd604c781, type: 3}
      propertyPath: CanIngame
      value: 
      objectReference: {fileID: 0}
    - target: {fileID: -6575335965253167225, guid: aa0fe5b03baf28646a03f71cd604c781, type: 3}
      propertyPath: leftDistance
      value: 11.8
      objectReference: {fileID: 0}
    - target: {fileID: -6575335965253167225, guid: aa0fe5b03baf28646a03f71cd604c781, type: 3}
      propertyPath: MovingLava
      value: 0
      objectReference: {fileID: 0}
    - target: {fileID: 6111968083185715006, guid: aa0fe5b03baf28646a03f71cd604c781, type: 3}
      propertyPath: m_Offset.x
      value: -0.00011634827
      objectReference: {fileID: 0}
    - target: {fileID: 6111968083185715006, guid: aa0fe5b03baf28646a03f71cd604c781, type: 3}
      propertyPath: m_Offset.y
      value: -0.22065592
      objectReference: {fileID: 0}
    - target: {fileID: 6111968083185715006, guid: aa0fe5b03baf28646a03f71cd604c781, type: 3}
      propertyPath: m_SpriteTilingProperty.oldSize.x
      value: 4
      objectReference: {fileID: 0}
    - target: {fileID: 6111968083185715006, guid: aa0fe5b03baf28646a03f71cd604c781, type: 3}
      propertyPath: m_SpriteTilingProperty.oldSize.y
      value: 10
      objectReference: {fileID: 0}
    - target: {fileID: 6111968083185715006, guid: aa0fe5b03baf28646a03f71cd604c781, type: 3}
      propertyPath: m_Size.x
      value: 3.9292622
      objectReference: {fileID: 0}
    - target: {fileID: 6111968083185715006, guid: aa0fe5b03baf28646a03f71cd604c781, type: 3}
      propertyPath: m_Size.y
      value: 9.815562
      objectReference: {fileID: 0}
    - target: {fileID: 6111968083185715006, guid: aa0fe5b03baf28646a03f71cd604c781, type: 3}
      propertyPath: m_Enabled
      value: 1
      objectReference: {fileID: 0}
    - target: {fileID: 6111968083185715007, guid: aa0fe5b03baf28646a03f71cd604c781, type: 3}
      propertyPath: m_Name
      value: L6
      objectReference: {fileID: 0}
    - target: {fileID: 6111968083185715136, guid: aa0fe5b03baf28646a03f71cd604c781, type: 3}
      propertyPath: m_Sprite
      value: 
      objectReference: {fileID: 21300000, guid: 9277eeb837ce49449bf818d4f0b7dceb, type: 3}
    - target: {fileID: 6111968083185715137, guid: aa0fe5b03baf28646a03f71cd604c781, type: 3}
      propertyPath: m_Controller
      value: 
      objectReference: {fileID: 9100000, guid: d50481fadbc1e0f40a1d3da0ff372837, type: 2}
    - target: {fileID: 6111968083185715139, guid: aa0fe5b03baf28646a03f71cd604c781, type: 3}
      propertyPath: m_LocalPosition.x
      value: 9.713818
      objectReference: {fileID: 0}
    - target: {fileID: 6111968083185715139, guid: aa0fe5b03baf28646a03f71cd604c781, type: 3}
      propertyPath: m_LocalPosition.y
      value: -1.0585647
      objectReference: {fileID: 0}
    - target: {fileID: 6111968083185715139, guid: aa0fe5b03baf28646a03f71cd604c781, type: 3}
      propertyPath: m_LocalPosition.z
      value: 13.860932
      objectReference: {fileID: 0}
    - target: {fileID: 6111968083185715139, guid: aa0fe5b03baf28646a03f71cd604c781, type: 3}
      propertyPath: m_LocalRotation.x
      value: -0
      objectReference: {fileID: 0}
    - target: {fileID: 6111968083185715139, guid: aa0fe5b03baf28646a03f71cd604c781, type: 3}
      propertyPath: m_LocalRotation.y
      value: -0
      objectReference: {fileID: 0}
    - target: {fileID: 6111968083185715139, guid: aa0fe5b03baf28646a03f71cd604c781, type: 3}
      propertyPath: m_LocalRotation.z
      value: -0
      objectReference: {fileID: 0}
    - target: {fileID: 6111968083185715139, guid: aa0fe5b03baf28646a03f71cd604c781, type: 3}
      propertyPath: m_LocalRotation.w
      value: 1
      objectReference: {fileID: 0}
    - target: {fileID: 6111968083185715139, guid: aa0fe5b03baf28646a03f71cd604c781, type: 3}
      propertyPath: m_RootOrder
      value: 4
      objectReference: {fileID: 0}
    - target: {fileID: 6111968083185715139, guid: aa0fe5b03baf28646a03f71cd604c781, type: 3}
      propertyPath: m_LocalEulerAnglesHint.x
      value: 0
      objectReference: {fileID: 0}
    - target: {fileID: 6111968083185715139, guid: aa0fe5b03baf28646a03f71cd604c781, type: 3}
      propertyPath: m_LocalEulerAnglesHint.y
      value: 0
      objectReference: {fileID: 0}
    - target: {fileID: 6111968083185715139, guid: aa0fe5b03baf28646a03f71cd604c781, type: 3}
      propertyPath: m_LocalEulerAnglesHint.z
      value: 0
      objectReference: {fileID: 0}
    m_RemovedComponents: []
  m_SourcePrefab: {fileID: 100100000, guid: aa0fe5b03baf28646a03f71cd604c781, type: 3}
--- !u!4 &1697825585231181953 stripped
Transform:
  m_CorrespondingSourceObject: {fileID: 6111968083185715139, guid: aa0fe5b03baf28646a03f71cd604c781, type: 3}
  m_PrefabInstance: {fileID: 4854301819478310722}
  m_PrefabAsset: {fileID: 0}
--- !u!1001 &4854301819834932737
PrefabInstance:
  m_ObjectHideFlags: 0
  serializedVersion: 2
  m_Modification:
    m_TransformParent: {fileID: 4854301819334191987}
    m_Modifications:
    - target: {fileID: -6575335965253167225, guid: aa0fe5b03baf28646a03f71cd604c781, type: 3}
      propertyPath: m_Enabled
      value: 1
      objectReference: {fileID: 0}
    - target: {fileID: -6575335965253167225, guid: aa0fe5b03baf28646a03f71cd604c781, type: 3}
      propertyPath: lavaSpeed
      value: 0.01
      objectReference: {fileID: 0}
    - target: {fileID: -6575335965253167225, guid: aa0fe5b03baf28646a03f71cd604c781, type: 3}
      propertyPath: cam
      value: 
      objectReference: {fileID: 0}
    - target: {fileID: -6575335965253167225, guid: aa0fe5b03baf28646a03f71cd604c781, type: 3}
      propertyPath: CanDeath
      value: 
      objectReference: {fileID: 0}
    - target: {fileID: -6575335965253167225, guid: aa0fe5b03baf28646a03f71cd604c781, type: 3}
      propertyPath: CanIngame
      value: 
      objectReference: {fileID: 0}
    - target: {fileID: -6575335965253167225, guid: aa0fe5b03baf28646a03f71cd604c781, type: 3}
      propertyPath: MovingLava
      value: 0
      objectReference: {fileID: 0}
    - target: {fileID: -6575335965253167225, guid: aa0fe5b03baf28646a03f71cd604c781, type: 3}
      propertyPath: leftDistance
      value: 11.8
      objectReference: {fileID: 0}
    - target: {fileID: 6111968083185715006, guid: aa0fe5b03baf28646a03f71cd604c781, type: 3}
      propertyPath: m_Offset.x
      value: -0.008323193
      objectReference: {fileID: 0}
    - target: {fileID: 6111968083185715006, guid: aa0fe5b03baf28646a03f71cd604c781, type: 3}
      propertyPath: m_Offset.y
      value: -0.22065592
      objectReference: {fileID: 0}
    - target: {fileID: 6111968083185715006, guid: aa0fe5b03baf28646a03f71cd604c781, type: 3}
      propertyPath: m_SpriteTilingProperty.oldSize.x
      value: 4
      objectReference: {fileID: 0}
    - target: {fileID: 6111968083185715006, guid: aa0fe5b03baf28646a03f71cd604c781, type: 3}
      propertyPath: m_SpriteTilingProperty.oldSize.y
      value: 10
      objectReference: {fileID: 0}
    - target: {fileID: 6111968083185715006, guid: aa0fe5b03baf28646a03f71cd604c781, type: 3}
      propertyPath: m_Size.x
      value: 3.9914885
      objectReference: {fileID: 0}
    - target: {fileID: 6111968083185715006, guid: aa0fe5b03baf28646a03f71cd604c781, type: 3}
      propertyPath: m_Size.y
      value: 9.815562
      objectReference: {fileID: 0}
    - target: {fileID: 6111968083185715006, guid: aa0fe5b03baf28646a03f71cd604c781, type: 3}
      propertyPath: m_Enabled
      value: 1
      objectReference: {fileID: 0}
    - target: {fileID: 6111968083185715007, guid: aa0fe5b03baf28646a03f71cd604c781, type: 3}
      propertyPath: m_Name
      value: L3
      objectReference: {fileID: 0}
    - target: {fileID: 6111968083185715136, guid: aa0fe5b03baf28646a03f71cd604c781, type: 3}
      propertyPath: m_Sprite
      value: 
      objectReference: {fileID: 21300000, guid: 9277eeb837ce49449bf818d4f0b7dceb, type: 3}
    - target: {fileID: 6111968083185715136, guid: aa0fe5b03baf28646a03f71cd604c781, type: 3}
      propertyPath: m_Enabled
      value: 1
      objectReference: {fileID: 0}
    - target: {fileID: 6111968083185715137, guid: aa0fe5b03baf28646a03f71cd604c781, type: 3}
      propertyPath: m_Controller
      value: 
      objectReference: {fileID: 9100000, guid: d50481fadbc1e0f40a1d3da0ff372837, type: 2}
    - target: {fileID: 6111968083185715137, guid: aa0fe5b03baf28646a03f71cd604c781, type: 3}
      propertyPath: m_Enabled
      value: 1
      objectReference: {fileID: 0}
    - target: {fileID: 6111968083185715139, guid: aa0fe5b03baf28646a03f71cd604c781, type: 3}
      propertyPath: m_LocalPosition.x
      value: -2.286182
      objectReference: {fileID: 0}
    - target: {fileID: 6111968083185715139, guid: aa0fe5b03baf28646a03f71cd604c781, type: 3}
      propertyPath: m_LocalPosition.y
      value: -1.0585647
      objectReference: {fileID: 0}
    - target: {fileID: 6111968083185715139, guid: aa0fe5b03baf28646a03f71cd604c781, type: 3}
      propertyPath: m_LocalPosition.z
      value: 13.860932
      objectReference: {fileID: 0}
    - target: {fileID: 6111968083185715139, guid: aa0fe5b03baf28646a03f71cd604c781, type: 3}
      propertyPath: m_LocalRotation.x
      value: -0
      objectReference: {fileID: 0}
    - target: {fileID: 6111968083185715139, guid: aa0fe5b03baf28646a03f71cd604c781, type: 3}
      propertyPath: m_LocalRotation.y
      value: -0
      objectReference: {fileID: 0}
    - target: {fileID: 6111968083185715139, guid: aa0fe5b03baf28646a03f71cd604c781, type: 3}
      propertyPath: m_LocalRotation.z
      value: -0
      objectReference: {fileID: 0}
    - target: {fileID: 6111968083185715139, guid: aa0fe5b03baf28646a03f71cd604c781, type: 3}
      propertyPath: m_LocalRotation.w
      value: 1
      objectReference: {fileID: 0}
    - target: {fileID: 6111968083185715139, guid: aa0fe5b03baf28646a03f71cd604c781, type: 3}
      propertyPath: m_RootOrder
      value: 5
      objectReference: {fileID: 0}
    - target: {fileID: 6111968083185715139, guid: aa0fe5b03baf28646a03f71cd604c781, type: 3}
      propertyPath: m_LocalEulerAnglesHint.x
      value: 0
      objectReference: {fileID: 0}
    - target: {fileID: 6111968083185715139, guid: aa0fe5b03baf28646a03f71cd604c781, type: 3}
      propertyPath: m_LocalEulerAnglesHint.y
      value: 0
      objectReference: {fileID: 0}
    - target: {fileID: 6111968083185715139, guid: aa0fe5b03baf28646a03f71cd604c781, type: 3}
      propertyPath: m_LocalEulerAnglesHint.z
      value: 0
      objectReference: {fileID: 0}
    m_RemovedComponents: []
  m_SourcePrefab: {fileID: 100100000, guid: aa0fe5b03baf28646a03f71cd604c781, type: 3}
--- !u!4 &1697825585981839810 stripped
Transform:
  m_CorrespondingSourceObject: {fileID: 6111968083185715139, guid: aa0fe5b03baf28646a03f71cd604c781, type: 3}
  m_PrefabInstance: {fileID: 4854301819834932737}
  m_PrefabAsset: {fileID: 0}
--- !u!1001 &4854301819889958796
PrefabInstance:
  m_ObjectHideFlags: 0
  serializedVersion: 2
  m_Modification:
    m_TransformParent: {fileID: 4854301819334191987}
    m_Modifications:
    - target: {fileID: -6575335965253167225, guid: aa0fe5b03baf28646a03f71cd604c781, type: 3}
      propertyPath: m_Enabled
      value: 1
      objectReference: {fileID: 0}
    - target: {fileID: -6575335965253167225, guid: aa0fe5b03baf28646a03f71cd604c781, type: 3}
      propertyPath: lavaSpeed
      value: 0.01
      objectReference: {fileID: 0}
    - target: {fileID: -6575335965253167225, guid: aa0fe5b03baf28646a03f71cd604c781, type: 3}
      propertyPath: CanDeath
      value: 
      objectReference: {fileID: 0}
    - target: {fileID: -6575335965253167225, guid: aa0fe5b03baf28646a03f71cd604c781, type: 3}
      propertyPath: CanIngame
      value: 
      objectReference: {fileID: 0}
    - target: {fileID: -6575335965253167225, guid: aa0fe5b03baf28646a03f71cd604c781, type: 3}
      propertyPath: leftDistance
      value: 11.8
      objectReference: {fileID: 0}
    - target: {fileID: -6575335965253167225, guid: aa0fe5b03baf28646a03f71cd604c781, type: 3}
      propertyPath: MovingLava
      value: 0
      objectReference: {fileID: 0}
    - target: {fileID: 6111968083185715006, guid: aa0fe5b03baf28646a03f71cd604c781, type: 3}
      propertyPath: m_Offset.x
      value: -0.00011634827
      objectReference: {fileID: 0}
    - target: {fileID: 6111968083185715006, guid: aa0fe5b03baf28646a03f71cd604c781, type: 3}
      propertyPath: m_Offset.y
      value: -0.22065592
      objectReference: {fileID: 0}
    - target: {fileID: 6111968083185715006, guid: aa0fe5b03baf28646a03f71cd604c781, type: 3}
      propertyPath: m_SpriteTilingProperty.oldSize.x
      value: 4
      objectReference: {fileID: 0}
    - target: {fileID: 6111968083185715006, guid: aa0fe5b03baf28646a03f71cd604c781, type: 3}
      propertyPath: m_SpriteTilingProperty.oldSize.y
      value: 10
      objectReference: {fileID: 0}
    - target: {fileID: 6111968083185715006, guid: aa0fe5b03baf28646a03f71cd604c781, type: 3}
      propertyPath: m_Size.x
      value: 3.9292622
      objectReference: {fileID: 0}
    - target: {fileID: 6111968083185715006, guid: aa0fe5b03baf28646a03f71cd604c781, type: 3}
      propertyPath: m_Size.y
      value: 9.815562
      objectReference: {fileID: 0}
    - target: {fileID: 6111968083185715006, guid: aa0fe5b03baf28646a03f71cd604c781, type: 3}
      propertyPath: m_Enabled
      value: 1
      objectReference: {fileID: 0}
    - target: {fileID: 6111968083185715007, guid: aa0fe5b03baf28646a03f71cd604c781, type: 3}
      propertyPath: m_Name
      value: L4
      objectReference: {fileID: 0}
    - target: {fileID: 6111968083185715136, guid: aa0fe5b03baf28646a03f71cd604c781, type: 3}
      propertyPath: m_Sprite
      value: 
      objectReference: {fileID: 21300000, guid: 9277eeb837ce49449bf818d4f0b7dceb, type: 3}
    - target: {fileID: 6111968083185715137, guid: aa0fe5b03baf28646a03f71cd604c781, type: 3}
      propertyPath: m_Controller
      value: 
      objectReference: {fileID: 9100000, guid: d50481fadbc1e0f40a1d3da0ff372837, type: 2}
    - target: {fileID: 6111968083185715139, guid: aa0fe5b03baf28646a03f71cd604c781, type: 3}
      propertyPath: m_LocalPosition.x
      value: 1.7138181
      objectReference: {fileID: 0}
    - target: {fileID: 6111968083185715139, guid: aa0fe5b03baf28646a03f71cd604c781, type: 3}
      propertyPath: m_LocalPosition.y
      value: -1.0585647
      objectReference: {fileID: 0}
    - target: {fileID: 6111968083185715139, guid: aa0fe5b03baf28646a03f71cd604c781, type: 3}
      propertyPath: m_LocalPosition.z
      value: 13.860932
      objectReference: {fileID: 0}
    - target: {fileID: 6111968083185715139, guid: aa0fe5b03baf28646a03f71cd604c781, type: 3}
      propertyPath: m_LocalRotation.x
      value: -0
      objectReference: {fileID: 0}
    - target: {fileID: 6111968083185715139, guid: aa0fe5b03baf28646a03f71cd604c781, type: 3}
      propertyPath: m_LocalRotation.y
      value: -0
      objectReference: {fileID: 0}
    - target: {fileID: 6111968083185715139, guid: aa0fe5b03baf28646a03f71cd604c781, type: 3}
      propertyPath: m_LocalRotation.z
      value: -0
      objectReference: {fileID: 0}
    - target: {fileID: 6111968083185715139, guid: aa0fe5b03baf28646a03f71cd604c781, type: 3}
      propertyPath: m_LocalRotation.w
      value: 1
      objectReference: {fileID: 0}
    - target: {fileID: 6111968083185715139, guid: aa0fe5b03baf28646a03f71cd604c781, type: 3}
      propertyPath: m_RootOrder
      value: 2
      objectReference: {fileID: 0}
    - target: {fileID: 6111968083185715139, guid: aa0fe5b03baf28646a03f71cd604c781, type: 3}
      propertyPath: m_LocalEulerAnglesHint.x
      value: 0
      objectReference: {fileID: 0}
    - target: {fileID: 6111968083185715139, guid: aa0fe5b03baf28646a03f71cd604c781, type: 3}
      propertyPath: m_LocalEulerAnglesHint.y
      value: 0
      objectReference: {fileID: 0}
    - target: {fileID: 6111968083185715139, guid: aa0fe5b03baf28646a03f71cd604c781, type: 3}
      propertyPath: m_LocalEulerAnglesHint.z
      value: 0
      objectReference: {fileID: 0}
    m_RemovedComponents: []
  m_SourcePrefab: {fileID: 100100000, guid: aa0fe5b03baf28646a03f71cd604c781, type: 3}
--- !u!4 &1697825585928992847 stripped
Transform:
  m_CorrespondingSourceObject: {fileID: 6111968083185715139, guid: aa0fe5b03baf28646a03f71cd604c781, type: 3}
  m_PrefabInstance: {fileID: 4854301819889958796}
  m_PrefabAsset: {fileID: 0}
--- !u!1001 &4854301819892065855
PrefabInstance:
  m_ObjectHideFlags: 0
  serializedVersion: 2
  m_Modification:
    m_TransformParent: {fileID: 4854301819334191987}
    m_Modifications:
    - target: {fileID: -6575335965253167225, guid: aa0fe5b03baf28646a03f71cd604c781, type: 3}
      propertyPath: m_Enabled
      value: 1
      objectReference: {fileID: 0}
    - target: {fileID: -6575335965253167225, guid: aa0fe5b03baf28646a03f71cd604c781, type: 3}
      propertyPath: lavaSpeed
      value: 0.01
      objectReference: {fileID: 0}
    - target: {fileID: -6575335965253167225, guid: aa0fe5b03baf28646a03f71cd604c781, type: 3}
      propertyPath: CanDeath
      value: 
      objectReference: {fileID: 0}
    - target: {fileID: -6575335965253167225, guid: aa0fe5b03baf28646a03f71cd604c781, type: 3}
      propertyPath: CanIngame
      value: 
      objectReference: {fileID: 0}
    - target: {fileID: -6575335965253167225, guid: aa0fe5b03baf28646a03f71cd604c781, type: 3}
      propertyPath: leftDistance
      value: 11.8
      objectReference: {fileID: 0}
    - target: {fileID: -6575335965253167225, guid: aa0fe5b03baf28646a03f71cd604c781, type: 3}
      propertyPath: MovingLava
      value: 0
      objectReference: {fileID: 0}
    - target: {fileID: 6111968083185715006, guid: aa0fe5b03baf28646a03f71cd604c781, type: 3}
      propertyPath: m_Offset.x
      value: -0.00011634827
      objectReference: {fileID: 0}
    - target: {fileID: 6111968083185715006, guid: aa0fe5b03baf28646a03f71cd604c781, type: 3}
      propertyPath: m_Offset.y
      value: -0.22065592
      objectReference: {fileID: 0}
    - target: {fileID: 6111968083185715006, guid: aa0fe5b03baf28646a03f71cd604c781, type: 3}
      propertyPath: m_SpriteTilingProperty.oldSize.x
      value: 4
      objectReference: {fileID: 0}
    - target: {fileID: 6111968083185715006, guid: aa0fe5b03baf28646a03f71cd604c781, type: 3}
      propertyPath: m_SpriteTilingProperty.oldSize.y
      value: 10
      objectReference: {fileID: 0}
    - target: {fileID: 6111968083185715006, guid: aa0fe5b03baf28646a03f71cd604c781, type: 3}
      propertyPath: m_Size.x
      value: 3.9292622
      objectReference: {fileID: 0}
    - target: {fileID: 6111968083185715006, guid: aa0fe5b03baf28646a03f71cd604c781, type: 3}
      propertyPath: m_Size.y
      value: 9.815562
      objectReference: {fileID: 0}
    - target: {fileID: 6111968083185715006, guid: aa0fe5b03baf28646a03f71cd604c781, type: 3}
      propertyPath: m_Enabled
      value: 1
      objectReference: {fileID: 0}
    - target: {fileID: 6111968083185715007, guid: aa0fe5b03baf28646a03f71cd604c781, type: 3}
      propertyPath: m_Name
      value: L5
      objectReference: {fileID: 0}
    - target: {fileID: 6111968083185715136, guid: aa0fe5b03baf28646a03f71cd604c781, type: 3}
      propertyPath: m_Sprite
      value: 
      objectReference: {fileID: 21300000, guid: 9277eeb837ce49449bf818d4f0b7dceb, type: 3}
    - target: {fileID: 6111968083185715137, guid: aa0fe5b03baf28646a03f71cd604c781, type: 3}
      propertyPath: m_Controller
      value: 
      objectReference: {fileID: 9100000, guid: d50481fadbc1e0f40a1d3da0ff372837, type: 2}
    - target: {fileID: 6111968083185715139, guid: aa0fe5b03baf28646a03f71cd604c781, type: 3}
      propertyPath: m_LocalPosition.x
      value: 5.713818
      objectReference: {fileID: 0}
    - target: {fileID: 6111968083185715139, guid: aa0fe5b03baf28646a03f71cd604c781, type: 3}
      propertyPath: m_LocalPosition.y
      value: -1.0585647
      objectReference: {fileID: 0}
    - target: {fileID: 6111968083185715139, guid: aa0fe5b03baf28646a03f71cd604c781, type: 3}
      propertyPath: m_LocalPosition.z
      value: 13.860932
      objectReference: {fileID: 0}
    - target: {fileID: 6111968083185715139, guid: aa0fe5b03baf28646a03f71cd604c781, type: 3}
      propertyPath: m_LocalRotation.x
      value: -0
      objectReference: {fileID: 0}
    - target: {fileID: 6111968083185715139, guid: aa0fe5b03baf28646a03f71cd604c781, type: 3}
      propertyPath: m_LocalRotation.y
      value: -0
      objectReference: {fileID: 0}
    - target: {fileID: 6111968083185715139, guid: aa0fe5b03baf28646a03f71cd604c781, type: 3}
      propertyPath: m_LocalRotation.z
      value: -0
      objectReference: {fileID: 0}
    - target: {fileID: 6111968083185715139, guid: aa0fe5b03baf28646a03f71cd604c781, type: 3}
      propertyPath: m_LocalRotation.w
      value: 1
      objectReference: {fileID: 0}
    - target: {fileID: 6111968083185715139, guid: aa0fe5b03baf28646a03f71cd604c781, type: 3}
      propertyPath: m_RootOrder
      value: 3
      objectReference: {fileID: 0}
    - target: {fileID: 6111968083185715139, guid: aa0fe5b03baf28646a03f71cd604c781, type: 3}
      propertyPath: m_LocalEulerAnglesHint.x
      value: 0
      objectReference: {fileID: 0}
    - target: {fileID: 6111968083185715139, guid: aa0fe5b03baf28646a03f71cd604c781, type: 3}
      propertyPath: m_LocalEulerAnglesHint.y
      value: 0
      objectReference: {fileID: 0}
    - target: {fileID: 6111968083185715139, guid: aa0fe5b03baf28646a03f71cd604c781, type: 3}
      propertyPath: m_LocalEulerAnglesHint.z
      value: 0
      objectReference: {fileID: 0}
    m_RemovedComponents: []
  m_SourcePrefab: {fileID: 100100000, guid: aa0fe5b03baf28646a03f71cd604c781, type: 3}
--- !u!4 &1697825585931067900 stripped
Transform:
  m_CorrespondingSourceObject: {fileID: 6111968083185715139, guid: aa0fe5b03baf28646a03f71cd604c781, type: 3}
  m_PrefabInstance: {fileID: 4854301819892065855}
  m_PrefabAsset: {fileID: 0}
--- !u!1001 &4854301820192290724
PrefabInstance:
  m_ObjectHideFlags: 0
  serializedVersion: 2
  m_Modification:
    m_TransformParent: {fileID: 4854301819334191987}
    m_Modifications:
    - target: {fileID: -6575335965253167225, guid: aa0fe5b03baf28646a03f71cd604c781, type: 3}
      propertyPath: m_Enabled
      value: 1
      objectReference: {fileID: 0}
    - target: {fileID: -6575335965253167225, guid: aa0fe5b03baf28646a03f71cd604c781, type: 3}
      propertyPath: CanDeath
      value: 
      objectReference: {fileID: 0}
    - target: {fileID: -6575335965253167225, guid: aa0fe5b03baf28646a03f71cd604c781, type: 3}
      propertyPath: CanIngame
      value: 
      objectReference: {fileID: 0}
    - target: {fileID: -6575335965253167225, guid: aa0fe5b03baf28646a03f71cd604c781, type: 3}
      propertyPath: lavaSpeed
      value: 0.01
      objectReference: {fileID: 0}
    - target: {fileID: -6575335965253167225, guid: aa0fe5b03baf28646a03f71cd604c781, type: 3}
      propertyPath: MovingLava
      value: 0
      objectReference: {fileID: 0}
    - target: {fileID: -6575335965253167225, guid: aa0fe5b03baf28646a03f71cd604c781, type: 3}
      propertyPath: leftDistance
      value: 11.8
      objectReference: {fileID: 0}
    - target: {fileID: 6111968083185715006, guid: aa0fe5b03baf28646a03f71cd604c781, type: 3}
      propertyPath: m_Offset.x
      value: -0.00011634827
      objectReference: {fileID: 0}
    - target: {fileID: 6111968083185715006, guid: aa0fe5b03baf28646a03f71cd604c781, type: 3}
      propertyPath: m_Offset.y
      value: -0.22065592
      objectReference: {fileID: 0}
    - target: {fileID: 6111968083185715006, guid: aa0fe5b03baf28646a03f71cd604c781, type: 3}
      propertyPath: m_SpriteTilingProperty.oldSize.x
      value: 4
      objectReference: {fileID: 0}
    - target: {fileID: 6111968083185715006, guid: aa0fe5b03baf28646a03f71cd604c781, type: 3}
      propertyPath: m_SpriteTilingProperty.oldSize.y
      value: 10
      objectReference: {fileID: 0}
    - target: {fileID: 6111968083185715006, guid: aa0fe5b03baf28646a03f71cd604c781, type: 3}
      propertyPath: m_Size.x
      value: 3.9292622
      objectReference: {fileID: 0}
    - target: {fileID: 6111968083185715006, guid: aa0fe5b03baf28646a03f71cd604c781, type: 3}
      propertyPath: m_Size.y
      value: 9.815562
      objectReference: {fileID: 0}
    - target: {fileID: 6111968083185715006, guid: aa0fe5b03baf28646a03f71cd604c781, type: 3}
      propertyPath: m_Enabled
      value: 1
      objectReference: {fileID: 0}
    - target: {fileID: 6111968083185715007, guid: aa0fe5b03baf28646a03f71cd604c781, type: 3}
      propertyPath: m_Name
      value: L2
      objectReference: {fileID: 0}
    - target: {fileID: 6111968083185715136, guid: aa0fe5b03baf28646a03f71cd604c781, type: 3}
      propertyPath: m_Sprite
      value: 
      objectReference: {fileID: 21300000, guid: 9277eeb837ce49449bf818d4f0b7dceb, type: 3}
    - target: {fileID: 6111968083185715137, guid: aa0fe5b03baf28646a03f71cd604c781, type: 3}
      propertyPath: m_Controller
      value: 
      objectReference: {fileID: 9100000, guid: d50481fadbc1e0f40a1d3da0ff372837, type: 2}
    - target: {fileID: 6111968083185715139, guid: aa0fe5b03baf28646a03f71cd604c781, type: 3}
      propertyPath: m_LocalPosition.x
      value: -6.286182
      objectReference: {fileID: 0}
    - target: {fileID: 6111968083185715139, guid: aa0fe5b03baf28646a03f71cd604c781, type: 3}
      propertyPath: m_LocalPosition.y
      value: -1.0585647
      objectReference: {fileID: 0}
    - target: {fileID: 6111968083185715139, guid: aa0fe5b03baf28646a03f71cd604c781, type: 3}
      propertyPath: m_LocalPosition.z
      value: 13.860932
      objectReference: {fileID: 0}
    - target: {fileID: 6111968083185715139, guid: aa0fe5b03baf28646a03f71cd604c781, type: 3}
      propertyPath: m_LocalRotation.x
      value: -0
      objectReference: {fileID: 0}
    - target: {fileID: 6111968083185715139, guid: aa0fe5b03baf28646a03f71cd604c781, type: 3}
      propertyPath: m_LocalRotation.y
      value: -0
      objectReference: {fileID: 0}
    - target: {fileID: 6111968083185715139, guid: aa0fe5b03baf28646a03f71cd604c781, type: 3}
      propertyPath: m_LocalRotation.z
      value: -0
      objectReference: {fileID: 0}
    - target: {fileID: 6111968083185715139, guid: aa0fe5b03baf28646a03f71cd604c781, type: 3}
      propertyPath: m_LocalRotation.w
      value: 1
      objectReference: {fileID: 0}
    - target: {fileID: 6111968083185715139, guid: aa0fe5b03baf28646a03f71cd604c781, type: 3}
      propertyPath: m_RootOrder
      value: 0
      objectReference: {fileID: 0}
    - target: {fileID: 6111968083185715139, guid: aa0fe5b03baf28646a03f71cd604c781, type: 3}
      propertyPath: m_LocalEulerAnglesHint.x
      value: 0
      objectReference: {fileID: 0}
    - target: {fileID: 6111968083185715139, guid: aa0fe5b03baf28646a03f71cd604c781, type: 3}
      propertyPath: m_LocalEulerAnglesHint.y
      value: 0
      objectReference: {fileID: 0}
    - target: {fileID: 6111968083185715139, guid: aa0fe5b03baf28646a03f71cd604c781, type: 3}
      propertyPath: m_LocalEulerAnglesHint.z
      value: 0
      objectReference: {fileID: 0}
    m_RemovedComponents: []
  m_SourcePrefab: {fileID: 100100000, guid: aa0fe5b03baf28646a03f71cd604c781, type: 3}
--- !u!4 &1697825583948935271 stripped
Transform:
  m_CorrespondingSourceObject: {fileID: 6111968083185715139, guid: aa0fe5b03baf28646a03f71cd604c781, type: 3}
  m_PrefabInstance: {fileID: 4854301820192290724}
  m_PrefabAsset: {fileID: 0}
--- !u!1001 &4854301820680854494
PrefabInstance:
  m_ObjectHideFlags: 0
  serializedVersion: 2
  m_Modification:
    m_TransformParent: {fileID: 4854301819334191987}
    m_Modifications:
    - target: {fileID: -6575335965253167225, guid: aa0fe5b03baf28646a03f71cd604c781, type: 3}
      propertyPath: m_Enabled
      value: 1
      objectReference: {fileID: 0}
    - target: {fileID: -6575335965253167225, guid: aa0fe5b03baf28646a03f71cd604c781, type: 3}
      propertyPath: lavaSpeed
      value: 0.01
      objectReference: {fileID: 0}
    - target: {fileID: -6575335965253167225, guid: aa0fe5b03baf28646a03f71cd604c781, type: 3}
      propertyPath: CanDeath
      value: 
      objectReference: {fileID: 0}
    - target: {fileID: -6575335965253167225, guid: aa0fe5b03baf28646a03f71cd604c781, type: 3}
      propertyPath: CanIngame
      value: 
      objectReference: {fileID: 0}
    - target: {fileID: -6575335965253167225, guid: aa0fe5b03baf28646a03f71cd604c781, type: 3}
      propertyPath: leftDistance
      value: 11.8
      objectReference: {fileID: 0}
    - target: {fileID: -6575335965253167225, guid: aa0fe5b03baf28646a03f71cd604c781, type: 3}
      propertyPath: MovingLava
      value: 0
      objectReference: {fileID: 0}
    - target: {fileID: 6111968083185715006, guid: aa0fe5b03baf28646a03f71cd604c781, type: 3}
      propertyPath: m_Offset.x
      value: -0.00011634827
      objectReference: {fileID: 0}
    - target: {fileID: 6111968083185715006, guid: aa0fe5b03baf28646a03f71cd604c781, type: 3}
      propertyPath: m_Offset.y
      value: -0.22065592
      objectReference: {fileID: 0}
    - target: {fileID: 6111968083185715006, guid: aa0fe5b03baf28646a03f71cd604c781, type: 3}
      propertyPath: m_SpriteTilingProperty.oldSize.x
      value: 4
      objectReference: {fileID: 0}
    - target: {fileID: 6111968083185715006, guid: aa0fe5b03baf28646a03f71cd604c781, type: 3}
      propertyPath: m_SpriteTilingProperty.oldSize.y
      value: 10
      objectReference: {fileID: 0}
    - target: {fileID: 6111968083185715006, guid: aa0fe5b03baf28646a03f71cd604c781, type: 3}
      propertyPath: m_Size.x
      value: 3.9292622
      objectReference: {fileID: 0}
    - target: {fileID: 6111968083185715006, guid: aa0fe5b03baf28646a03f71cd604c781, type: 3}
      propertyPath: m_Size.y
      value: 9.815562
      objectReference: {fileID: 0}
    - target: {fileID: 6111968083185715006, guid: aa0fe5b03baf28646a03f71cd604c781, type: 3}
      propertyPath: m_Enabled
      value: 1
      objectReference: {fileID: 0}
    - target: {fileID: 6111968083185715007, guid: aa0fe5b03baf28646a03f71cd604c781, type: 3}
      propertyPath: m_Name
      value: L1
      objectReference: {fileID: 0}
    - target: {fileID: 6111968083185715136, guid: aa0fe5b03baf28646a03f71cd604c781, type: 3}
      propertyPath: m_Sprite
      value: 
      objectReference: {fileID: 21300000, guid: 9277eeb837ce49449bf818d4f0b7dceb, type: 3}
    - target: {fileID: 6111968083185715137, guid: aa0fe5b03baf28646a03f71cd604c781, type: 3}
      propertyPath: m_Controller
      value: 
      objectReference: {fileID: 9100000, guid: d50481fadbc1e0f40a1d3da0ff372837, type: 2}
    - target: {fileID: 6111968083185715139, guid: aa0fe5b03baf28646a03f71cd604c781, type: 3}
      propertyPath: m_LocalPosition.x
      value: -10.286182
      objectReference: {fileID: 0}
    - target: {fileID: 6111968083185715139, guid: aa0fe5b03baf28646a03f71cd604c781, type: 3}
      propertyPath: m_LocalPosition.y
      value: -1.0585647
      objectReference: {fileID: 0}
    - target: {fileID: 6111968083185715139, guid: aa0fe5b03baf28646a03f71cd604c781, type: 3}
      propertyPath: m_LocalPosition.z
      value: 13.860932
      objectReference: {fileID: 0}
    - target: {fileID: 6111968083185715139, guid: aa0fe5b03baf28646a03f71cd604c781, type: 3}
      propertyPath: m_LocalRotation.x
      value: -0
      objectReference: {fileID: 0}
    - target: {fileID: 6111968083185715139, guid: aa0fe5b03baf28646a03f71cd604c781, type: 3}
      propertyPath: m_LocalRotation.y
      value: -0
      objectReference: {fileID: 0}
    - target: {fileID: 6111968083185715139, guid: aa0fe5b03baf28646a03f71cd604c781, type: 3}
      propertyPath: m_LocalRotation.z
      value: -0
      objectReference: {fileID: 0}
    - target: {fileID: 6111968083185715139, guid: aa0fe5b03baf28646a03f71cd604c781, type: 3}
      propertyPath: m_LocalRotation.w
      value: 1
      objectReference: {fileID: 0}
    - target: {fileID: 6111968083185715139, guid: aa0fe5b03baf28646a03f71cd604c781, type: 3}
      propertyPath: m_RootOrder
      value: 1
      objectReference: {fileID: 0}
    - target: {fileID: 6111968083185715139, guid: aa0fe5b03baf28646a03f71cd604c781, type: 3}
      propertyPath: m_LocalEulerAnglesHint.x
      value: 0
      objectReference: {fileID: 0}
    - target: {fileID: 6111968083185715139, guid: aa0fe5b03baf28646a03f71cd604c781, type: 3}
      propertyPath: m_LocalEulerAnglesHint.y
      value: 0
      objectReference: {fileID: 0}
    - target: {fileID: 6111968083185715139, guid: aa0fe5b03baf28646a03f71cd604c781, type: 3}
      propertyPath: m_LocalEulerAnglesHint.z
      value: 0
      objectReference: {fileID: 0}
    m_RemovedComponents: []
  m_SourcePrefab: {fileID: 100100000, guid: aa0fe5b03baf28646a03f71cd604c781, type: 3}
--- !u!4 &1697825584571849757 stripped
Transform:
  m_CorrespondingSourceObject: {fileID: 6111968083185715139, guid: aa0fe5b03baf28646a03f71cd604c781, type: 3}
  m_PrefabInstance: {fileID: 4854301820680854494}
  m_PrefabAsset: {fileID: 0}
